 Dungeon Crawl Stone Soup version 0.25-a0-356-g7c9d860 (webtiles) character file.

Game seed: 14619084106831834844, levelgen mode: deterministic

1413 zxpr0jk the Ducker (level 8, -3/81 (82) HPs)
             Began as a Vampire Gladiator on Jan 3, 2020.
             Slain by a slave (6 damage)
             ... led by Pikel
             ... on level 6 of the Dungeon.
             The game lasted 00:16:02 (5923 turns).

zxpr0jk the Ducker (Vampire Gladiator)              Turns: 5923, Time: 00:16:03

HP:   -3/81 (82)    AC:  4    Str: 19    XL:     8   Next: 43%
MP:   8/8           EV: 17    Int: 10    God:
Gold: 218           SH:  0    Dex: 19    Spells: 6/7 levels left

rFire    . . .     SeeInvis +   v - +0 long sword (slice)
rCold    . . .     Gourm    .   (no shield)
rNeg     . . .     Faith    .   b - +0 leather armour
rPois    .         Spirit   .   c - +0 helmet
rElec    .         Reflect  .   (no cloak)
rCorr    .         Harm     .   (no gloves)
MR       .....                  (no boots)
Stlth    ..........             i - amulet of the acrobat
HPRegen  0.43/turn              d - +2 ring of dexterity
MPRegen  0.11/turn              (no ring)

@: berserking, regenerating quickly, very quick
A: no food, fangs 3, see invisible, unbreathing
a: Exsanguinate


You were on level 6 of the Dungeon.
You were alive.

You visited 1 branch of the dungeon, and saw 6 of its levels.

You collected 218 gold pieces.

Inventory:

Hand Weapons
 v - a +0 long sword of slicing (weapon)
Missiles
 j - 108 stones (quivered)
 p - 3 boomerangs
Armour
 b - a +0 leather armour (worn)
 c - a +0 helmet (worn)
 m - a +0 shield
Jewellery
 d - a +2 ring of dexterity (left hand)
 i - an amulet of the acrobat (around neck)
 r - an uncursed ring of ice
 u - an uncursed ring of protection from fire
Wands
 h - a wand of flame (21)
 q - a wand of disintegration (3)
 s - a wand of enslavement (8)
Scrolls
 e - 2 scrolls of magic mapping
 f - 9 scrolls of identify
 g - 12 scrolls of remove curse
 l - a scroll of teleportation
 t - a scroll of random uselessness {unknown}
Potions
 k - 2 potions of magic
 o - a potion of ambrosia {unknown}


   Skills:
 - Level 1.7 Fighting
 - Level 5.0 Long Blades
 - Level 1.5 Throwing
 * Level 4.6 Armour
 + Level 7.3 Dodging
 - Level 5.0 Unarmed Combat


You had 6 spell levels left.
You knew the following spells:

 Your Spells              Type           Power        Failure   Level  Hunger
a - Apportation           Tloc           #.....       41%         1    N/A

Your spell library contained the following spells:

 Spells                   Type           Power        Failure   Level  Hunger
 Animate Skeleton         Necr           N/A          41%         1    N/A
 Confusing Touch          Hex            #.....       41%         1    N/A
 Summon Small Mammal      Summ           #...         41%         1    N/A

Dungeon Overview and Level Annotations

Branches:
Dungeon (6/15)
 Temple: D:4-7

Altars:
Ashenzari
Dithmenos
Makhleb
Okawaru
Trog
Vehumet
The Shining One

Annotations:
D:6 Pikel


Innate Abilities, Weirdness & Mutations

You do not eat.
Your natural rate of healing is unusually fast.
You have razor-sharp teeth.
You have supernaturally acute eyesight. (SInv)
You can survive without breathing.


Message History

* * * LOW HITPOINT WARNING * * *
Pikel hits you with a +1 whip of flaming.
* * * LOW HITPOINT WARNING * * *
Pikel burns you.
* * * LOW HITPOINT WARNING * * *
The slave barely misses you.
You closely miss Pikel.
Pikel is lightly wounded.
The centaur closely misses you.
Unknown command.
You are too berserk!
You are too berserk!
You slash Pikel!
Pikel is moderately wounded.
The centaur hits you.
* * * LOW HITPOINT WARNING * * *
Pikel barely misses you.
You riposte.
You hit Pikel.
Pikel is heavily wounded.
The slave hits you.
You die...

#.#...## ####..........# #####
#...#.. ####..........# ....>..
.....# #.....#..).%..# .......
##...# #.....##......#
.......###....####.........%%..#
....##..#....(.##......###†%...#
..#..##................##......#
........#..(.....cp..####.######
..#.......(...###@##.# #.)#
........>....p###K##(# #)##
........†...pK##pp##p###.#
...............p..##..##.#
....................#..†.##########
.......(..........#.....†....<##...
##..a....#.#...#?..###.............
≈≈.......#...####........c.........
≈≈...#.......# #...#.......(......


You could see Pikel, 4 slaves and a centaur.

Vanquished Creatures
  Grinder (D:3)
  Sigmund (D:3)
  An orc warrior (D:6)
  A necrophage (D:6)
  A bullfrog (D:6)
  A scorpion (D:6)
  A howler monkey (D:6)
  A crimson imp (D:6)
  A bullfrog zombie (D:5)
  4 hounds
  A jelly (D:6)
  2 orc priests (D:4)
  Jessica (D:2)
  3 iguanas
  Ijyb (D:4)
  Terence (D:3)
  2 orc wizards
  4 worker ants
  A hound skeleton (D:6)
  A gnoll (D:4)
  5 adders
  2 worms
  3 dart slugs
  2 leopard geckos
  9 orcs
  6 bats
  4 giant cockroaches
  14 goblins
  7 hobgoblins
  2 jackals (D:1)
  4 kobolds
  3 quokkas
  2 ball pythons
  3 frilled lizards
  A jackal skeleton (D:6)
  A quokka zombie (D:5)
  6 rats
104 creatures vanquished.

Vanquished Creatures (others)
  A goblin (D:3)
  A frilled lizard (D:3)
2 creatures vanquished.

Grand Total: 106 creatures vanquished

Notes
Turn   | Place    | Note
-------+----------+-------------------------------------------
     0 | D:1      | zxpr0jk the Vampire Gladiator began the quest for the Orb.
     0 | D:1      | Reached XP level 1. HP: 16/16 MP: 1/1
   204 | D:1      | Reached XP level 2. HP: 22/22 MP: 2/2
   719 | D:2      | Reached XP level 3. HP: 13/21 MP: 3/3
   825 | D:2      | Reached skill level 4 in Dodging
  1216 | D:2      | Noticed Jessica
  1238 | D:2      | Killed Jessica
  1238 | D:2      | Reached XP level 4. HP: 9/26 MP: 4/4
  1616 | D:2      | HP: 1/26 [iguana (11)]
  2222 | D:3      | Noticed Grinder
  2238 | D:3      | Paralysed by Grinder for 4 turns
  2246 | D:3      | Paralysed by Grinder for 6 turns
  2593 | D:3      | Reached skill level 5 in Long Blades
  2610 | D:3      | Noticed Sigmund
  2611 | D:3      | Reached XP level 5. HP: 17/30 MP: 5/5
  2718 | D:3      | Found a glowing golden altar of the Shining One.
  2770 | D:3      | Found a radiant altar of Vehumet.
  2775 | D:3      | Noticed Terence
  2817 | D:3      | Killed Terence
  2817 | D:3      | Reached skill level 1 in Unarmed Combat
  3633 | D:4      | Reached skill level 5 in Dodging
  3735 | D:4      | Reached XP level 6. HP: 30/39 MP: 6/6
  4089 | D:5      | Entered Level 5 of the Dungeon
  4470 | D:5      | Learned a level 1 spell: Apportation
  4907 | D:4      | Reached XP level 7. HP: 28/49 MP: 7/7
  5021 | D:4      | Noticed Ijyb
  5035 | D:4      | Killed Ijyb
  5159 | D:4      | Reached skill level 5 in Unarmed Combat
  5204 | D:4      | Found a bloodstained altar of Trog.
  5206 | D:4      | Found an iron altar of Okawaru.
  5240 | D:4      | Found a shattered altar of Ashenzari.
  5447 | D:3      | Killed Grinder
  5447 | D:3      | Reached skill level 6 in Dodging
  5516 | D:3      | Killed Sigmund
  5549 | D:3      | Found a burning altar of Makhleb.
  5551 | D:3      | Noticed an Executioner
  5555 | D:3      | Noticed a hellwing
  5555 | D:3      | Noticed a neqoxec
  5664 | D:6      | Found a shadowy altar of Dithmenos.
  5669 | D:6      | Reached XP level 8. HP: 49/55 MP: 8/8
  5786 | D:6      | Reached skill level 7 in Dodging
  5899 | D:6      | Noticed Pikel
  5921 | D:6      | HP: 4/81 [Pikel/+1 whip of flaming (1)]
  5923 | D:6      | Slain by a slave

Levels and vault maps discovered:
D:1:      mrwooster_arrival_statue_2, layout_rooms, serial_corexii_hall,
          corexii_hall_statues_deadend, chequers_hall_statues_y,
          corexii_hall_statues_s, chequers_hall_statues_y,
          chequers_hall_statues_y, corexii_hall_statues_deadend,
          minmay_misc_feat_five
D:2:      layout_loops_ring, uniq_jessica
D:3:      layout_loops_ring, marbit_many_paths, fiery_altar_vehumet,
          makhleb_altar_promises_db, uniq_grinder, uniq_sigmund, uniq_terence
D:4:      layout_cave_pods, grunt_temple_overflow_bloody_war,
          kennysheep_mini_moat, first_ration, uniq_ijyb
D:5:      layout_loops_ring
D:6:      layout_rooms, gammafunk_temple_overflow_elements,
          nicolae_qazlal_general_emergency, basic_altar, uniq_pikel

Skill      XL: |  1  2  3  4  5  6  7  8 |
---------------+-------------------------+-----
Long Blades    | 4 5 |  5.0
Dodging        | 4 5 6 7 |  7.3
Unarmed Combat | 3 4 5 |  5.0
Armour         | 3 4 |  4.6
Fighting       | |  1.7
Throwing       | |  1.5

Action                   |  1- 3 |  4- 6 |  7- 9 || total
-------------------------+-------+-------+-------++-------
Melee: Long sword        |    64 |   184 |    91 ||   339
       Bite              |     9 |    25 |    16 ||    50
       Unarmed           |     5 |    74 |       ||    79
       Punch             |       |     3 |     3 ||     6
Throw: Throwing net      |     6 |       |       ||     6
       Stone             |       |    80 |    28 ||   108
 Abil: Exsanguinate      |     1 |       |       ||     1
       Bat Form          |     1 |     1 |       ||     2
       End Transformatio |     1 |     1 |       ||     2
       Revivify          |       |     1 |       ||     1
Evoke: Wand              |       |       |    10 ||    10
  Use: Potion            |     3 |     1 |     2 ||     6
       Scroll            |       |     7 |     2 ||     9
 Stab: Sleeping          |     8 |     2 |       ||    10
       Distracted        |       |     1 |       ||     1
Armor: Leather armour    |    18 |    40 |     5 ||    63
Dodge: Dodged            |    68 |   199 |    70 ||   337
       Rpst.: Long sword |    23 |    43 |    19 ||    85

Table legend:
 A = Non-vault XP
 B = Vault XP
 C = Vault XP percentage of total XP
 D = Non-vault monster count
 E = Vault monster count
 F = Vault count percentage of total count
                 A         B        C        D         E       F
            +---------+---------+-------+---------+---------+-------
      Total |    1405 |     614 |  30.4 |      97 |       7 |   6.7
            +---------+---------+-------+---------+---------+-------
        D:1 |      29 |       0 |   0.0 |      15 |       0 |   0.0
        D:2 |      90 |      37 |  29.1 |      16 |       1 |   5.9
        D:3 |     109 |     527 |  82.9 |      30 |       4 |  11.8
        D:4 |     258 |      50 |  16.2 |       9 |       2 |  18.2
        D:5 |     218 |       0 |   0.0 |      12 |       0 |   0.0
        D:6 |     701 |       0 |   0.0 |      15 |       0 |   0.0
            +---------+---------+-------+---------+---------+-------
